Blackdemons vs Wolves
Created - 8 mars 2014 at 19:46
Goals
|
| Blackdemons |
1 |
0 |
3 |
4 |
| Wolves |
1 |
0 |
1 |
2 |
|
Shots
|
| Blackdemons |
13 |
12 |
8 |
33 |
| Wolves |
11 |
16 |
17 |
44 |
|
1st period
1. Wolves , Mike Zigomanis 34 (Chris Neil) at 5:48
2. Blackdemons , Antoine Roussel 35 (Tomas Kopecky) at 15:55
Penalties :
Matt Hunwick (MJM) for Interference (Minor) at 9:24, Marc-André Gragnani (Min) for Interference (Minor) at 19:45
2nd period
No Goal
Penalties :
Sam Gagner (MJM) for Slashing (Minor) at 6:51, Andrew MacDonald (MJM) for Interference (Minor) at 11:29, Enver Lisin (MJM) for Boarding (Minor) at 13:13, Nathan Davis (Min) for High sticking (Minor) at 15:36
3rd period
3. Blackdemons , Enver Lisin 48 (Brandon Dubinsky, Shawn Matthias) at 1:09
4. Wolves , Alexander Perezhogin 36 (Hunter Tremblay, Matt Gilroy) at 3:21
5. Blackdemons , Brandon Dubinsky 42 (Antoine Roussel) at 7:05
6. Blackdemons , Barry Tallackson 16 (Shawn Matthias) at 14:35
Penalties :
Antoine Roussel (MJM) for High sticking (Minor) at 4:55, Brent Johnson (MJM) for Slashing (Minor) at 11:41 - Sam Gagner served the penalty
Goalie Stats
Brent Johnson (MJM), 42 saves from 44 shots - (0,955), W, 2-1-0, 60:00 minutes
Jamie Storr (Min), 29 saves from 33 shots - (0,879), L, 19-23-4, 60:00 minutes
Players Stats for Blackdemons
Player Name G A P +/- PIM S H SB GA TA FO MP PP MP PK MP
------------------------------------------------------------------------------------
Andrew MacDonald 0 0 0 3 2 0 0 2 0 1 0/0 14:45 1:22 0:36
Antoine Roussel 1 1 2 2 2 2 2 1 1 1 0/0 20:57 2:32 2:49
Barry Tallackson 1 0 1 0 0 2 2 0 0 1 0/1 16:51 0:00 6:34
Brandon Dubinsky 1 1 2 2 0 3 0 1 0 0 4/16 16:47 1:26 2:55
Brendon Nash 0 0 0 1 0 4 1 2 0 1 0/0 24:05 2:36 4:29
Denis Hamel 0 0 0 1 0 0 0 0 0 0 1/1 14:49 1:26 1:15
Enver Lisin 1 0 1 1 2 3 0 1 1 2 1/2 15:43 1:26 2:38
Jakub Kindl 0 0 0 1 0 0 1 3 0 0 0/0 22:56 1:22 7:10
Matt Calvert 0 0 0 0 0 0 0 0 0 0 0/0 6:36 0:00 0:00
Matt Hunwick 0 0 0 -2 2 0 2 3 0 1 0/0 20:35 0:00 5:59
Michael Haley 0 0 0 0 0 1 0 1 0 0 0/0 6:58 0:00 0:00
Nate Prosser 0 0 0 -2 0 6 4 3 0 1 0/0 24:03 2:36 4:16
Sam Gagner 0 0 0 1 2 1 1 0 0 0 12/27 18:42 2:32 0:16
Shawn Belle 0 0 0 3 0 0 0 2 0 0 0/0 13:35 0:00 0:48
Shawn Matthias 0 2 2 -1 0 4 0 0 0 0 3/6 9:53 0:00 0:00
Steven Zalewski 0 0 0 0 0 3 0 1 1 0 0/5 6:38 0:00 0:00
Tomas Kopecky 0 1 1 1 0 4 2 1 2 0 4/10 24:32 2:32 6:35
Zach Boychuk 0 0 0 -1 0 0 0 1 0 0 0/1 9:36 0:00 0:00
Players Stats for Wolves
Player Name G A P +/- PIM S H SB GA TA FO MP PP MP PK MP
------------------------------------------------------------------------------------
Alexander Perezhogin 1 0 1 1 0 9 1 0 3 0 1/1 24:14 6:39 1:01
Chris Neil 0 1 1 0 0 4 0 1 2 1 0/0 16:13 4:48 0:00
Chris Terry 0 0 0 -3 0 2 1 0 0 0 0/0 8:55 0:00 0:00
Dan Fritsche 0 0 0 -3 0 1 0 2 1 1 4/8 11:28 0:12 2:17
Geoff Paukovich 0 0 0 1 0 0 0 0 0 0 0/0 16:23 4:45 0:40
Hunter Tremblay 0 1 1 1 0 3 2 0 0 0 1/1 16:32 0:00 0:00
Logan MacMillan 0 0 0 -1 0 0 0 0 0 0 0/0 8:27 0:33 0:00
Marc Methot 0 0 0 -2 0 1 2 1 1 1 0/0 20:04 4:20 2:25
Marc-André Gragnani 0 0 0 -2 2 1 0 0 0 0 0/0 14:48 4:20 0:00
Mark Fayne 0 0 0 -1 0 1 0 1 0 0 0/0 12:08 0:00 2:25
Matt Gilroy 0 1 1 1 0 3 6 1 0 1 0/0 30:06 7:19 1:33
Mike Zigomanis 1 0 1 1 0 4 1 0 0 0 12/19 16:58 4:48 1:38
Milan Bartovic 0 0 0 -3 0 1 1 0 0 0 1/1 11:49 0:12 2:17
Nate Guenin 0 0 0 -1 0 1 1 0 0 0 0/0 20:53 7:19 0:00
Nathan Davis 0 0 0 -1 2 2 1 0 0 0 3/6 8:01 0:00 0:03
Rich Peverley 0 0 0 1 0 6 4 0 1 0 22/33 23:13 6:39 0:00
Tim Crowder 0 0 0 0 0 2 0 0 0 0 0/0 13:43 6:21 0:00
Willie Mitchell 0 0 0 1 0 3 1 1 0 1 0/0 22:05 0:00 1:33
3 Stars
1 - Brandon Dubinsky (MJM)
2 - Antoine Roussel (MJM)
3 - Brent Johnson (MJM)
Power Play
Blackdemons - 0 on 2 Attempt(s) - 0,00%
Wolves - 0 on 6 Attempt(s) - 0,00%
Penalty Kill
Blackdemons - 6 on 6 Attempt(s) - 100,00%
- Score 0 goal in Penalty Kill
Wolves - 2 on 2 Attempt(s) - 100,00%
- Score 0 goal in Penalty Kill
Official
Referees : Marouelli Dan and Kozari Steve
Linesman : David Brisebois and Darren Gibbs
Game Notes
No Game Note
Finance
Level 1 -- Attendance: 1487 (74,35%) -- Ticket Income 52 045 $
Level 2 -- Attendance: 717 (71,70%) -- Ticket Income 10 755 $
Total Attendance: 2204 (73,47%)
Total Ticket Income: 62 800 $
Other Income: 3 140 $
Total Income: 65 940 $
Blackdemons
5 vs 5 Forward
Center Left Wing Right Wing Time % Phy DF OF
1 Sam Gagner Antoine Roussel Tomas Kopecky 34 1 1 3
2 Brandon Dubinsky Denis Hamel Enver Lisin 30 1 1 3
3 Shawn Matthias Zach Boychuk Barry Tallackson 26 1 3 1
4 Steven Zalewski Matt Calvert Michael Haley 10 1 4 0
5 vs 5 Defense
Defense Defense Time % Phy DF OF
1 Matt Hunwick Nate Prosser 34 1 3 1
2 Brendon Nash Jakub Kindl 30 1 3 1
3 Andrew MacDonald Shawn Belle 26 1 2 1
4 Brendon Nash Nate Prosser 10 1 2 2
PowerPlay Forward
Center Left Wing Right Wing Time % Phy DF OF
1 Sam Gagner Antoine Roussel Tomas Kopecky 60 1 0 4
2 Brandon Dubinsky Denis Hamel Enver Lisin 40 1 0 4
PowerPlay Defense
Defense Defense Time % Phy DF OF
1 Brendon Nash Nate Prosser 60 1 2 2
2 Andrew MacDonald Jakub Kindl 40 1 2 2
Penalty Kill 4 Players Forward
Center Wing Time % Phy DF OF
1 Tomas Kopecky Barry Tallackson 60 2 3 0
2 Enver Lisin Antoine Roussel 40 1 3 1
Penalty Kill 4 Players Defense
Defense Defense Time % Phy DF OF
1 Matt Hunwick Jakub Kindl 60 1 4 0
2 Brendon Nash Nate Prosser 40 1 4 0
Penalty Kill - 3 Players Forward
Forward Time % Phy DF OF
1 Tomas Kopecky 60 1 4 0
2 Enver Lisin 40 0 5 0
Penalty Kill - 3 Players Defense
Defense Defense Time % Phy DF OF
1 Matt Hunwick Jakub Kindl 60 1 4 0
2 Brendon Nash Nate Prosser 40 1 4 0
4 vs 4 Forward
Center Wing Time % Phy DF OF
1 Enver Lisin Antoine Roussel 60 1 1 3
2 Sam Gagner Tomas Kopecky 40 1 2 2
4 vs 4 Defense
Defense Defense Time % Phy DF OF
1 Brendon Nash Jakub Kindl 60 1 3 1
2 Andrew MacDonald Shawn Belle 40 1 4 0
Last Minutes Offensive
Center Left Wing Right Wing Defense Defense
Sam Gagner Antoine Roussel Enver Lisin Brendon Nash Nate Prosser
Last Minutes Defensive
Center Left Wing Right Wing Defense Defense
Tomas Kopecky Barry Tallackson Enver Lisin Matt Hunwick Nate Prosser
Goaltenders
Starting : Brent Johnson
Backup : Marc Denis
Extra Forwards
Normal : Brandon Dubinsky, Shawn Matthias, Denis Hamel - PP : Shawn Matthias, Barry Tallackson - PK : Brandon Dubinsky
Extra Defensemen
Normal : Matt Hunwick, Jakub Kindl, Andrew MacDonald - PP : Shawn Belle - PK : Shawn Belle, Andrew MacDonald
Penalty Shots
Brandon Dubinsky, Enver Lisin, Barry Tallackson, Tomas Kopecky, Shawn Matthias
Wolves
5 vs 5 Forward
Center Left Wing Right Wing Time % Phy DF OF
1 Rich Peverley Hunter Tremblay Alexander Perezhogin 40 1 0 4
2 Mike Zigomanis Geoff Paukovich Chris Neil 30 0 1 4
3 Dan Fritsche Chris Terry Milan Bartovic 20 1 1 3
4 Nathan Davis Logan MacMillan Tim Crowder 10 2 1 2
5 vs 5 Defense
Defense Defense Time % Phy DF OF
1 Matt Gilroy Willie Mitchell 40 1 3 1
2 Marc Methot Nate Guenin 30 1 3 1
3 Marc-André Gragnani Mark Fayne 20 1 3 1
4 Willie Mitchell Matt Gilroy 10 1 3 1
PowerPlay Forward
Center Left Wing Right Wing Time % Phy DF OF
1 Rich Peverley Tim Crowder Alexander Perezhogin 60 0 0 5
2 Mike Zigomanis Geoff Paukovich Chris Neil 40 0 0 5
PowerPlay Defense
Defense Defense Time % Phy DF OF
1 Matt Gilroy Nate Guenin 60 0 2 3
2 Marc Methot Marc-André Gragnani 40 0 2 3
Penalty Kill 4 Players Forward
Center Wing Time % Phy DF OF
1 Dan Fritsche Milan Bartovic 60 1 3 1
2 Mike Zigomanis Alexander Perezhogin 40 1 3 1
Penalty Kill 4 Players Defense
Defense Defense Time % Phy DF OF
1 Matt Gilroy Willie Mitchell 60 2 3 0
2 Marc Methot Mark Fayne 40 2 3 0
Penalty Kill - 3 Players Forward
Forward Time % Phy DF OF
1 Dan Fritsche 60 1 4 0
2 Milan Bartovic 40 1 4 0
Penalty Kill - 3 Players Defense
Defense Defense Time % Phy DF OF
1 Matt Gilroy Willie Mitchell 60 1 4 0
2 Marc Methot Mark Fayne 40 1 4 0
4 vs 4 Forward
Center Wing Time % Phy DF OF
1 Alexander Perezhogin Rich Peverley 60 1 1 3
2 Mike Zigomanis Tim Crowder 40 1 1 3
4 vs 4 Defense
Defense Defense Time % Phy DF OF
1 Matt Gilroy Nate Guenin 60 1 3 1
2 Marc Methot Willie Mitchell 40 1 3 1
Last Minutes Offensive
Center Left Wing Right Wing Defense Defense
Rich Peverley Chris Neil Alexander Perezhogin Matt Gilroy Nate Guenin
Last Minutes Defensive
Center Left Wing Right Wing Defense Defense
Dan Fritsche Mike Zigomanis Milan Bartovic Willie Mitchell Marc Methot
Goaltenders
Starting : Jamie Storr
Backup : Loïc Lacasse
Extra Forwards
Normal : Alexander Perezhogin, Rich Peverley, Chris Neil - PP : Alexander Perezhogin, Rich Peverley - PK : Dan Fritsche
Extra Defensemen
Normal : Matt Gilroy, Marc Methot, Nate Guenin - PP : Matt Gilroy - PK : Nate Guenin, Marc Methot
Penalty Shots
Alexander Perezhogin, Rich Peverley, Mike Zigomanis, Milan Bartovic, Chris Neil
% Time on Ice - Blackdemons
Lines # - Real PCT - Wanted PCT - Time Play
Normal Forward
1 - 38% - 34% - 16:47
2 - 26% - 30% - 11:24
3 - 22% - 26% - 9:36
4 - 15% - 10% - 6:36
Normal Defense
1 - 36% - 34% - 15:54
2 - 28% - 30% - 12:35
3 - 29% - 26% - 12:47
4 - 7% - 10% - 3:07
PP Forward
1 - 64% - 60% - 2:32
2 - 36% - 40% - 1:26
PP Defense
1 - 66% - 60% - 2:36
2 - 34% - 40% - 1:22
PK Forward
1 - 69% - 60% - 7:55
2 - 31% - 40% - 3:29
PK Defense
1 - 65% - 60% - 7:23
2 - 35% - 40% - 4:01
PK3 Forward
1 - 0% - 60% - 0:00
2 - 100% - 40% - 0:15
PK3 Defense
1 - 0% - 60% - 0:00
2 - 100% - 40% - 0:15
44 Forward
1 - 0% - 60%
2 - 0% - 40%
44 Defense
1 - 0% - 60%
2 - 0% - 40%
Last Minute Offensive - 0:00
Last Minute Defensive - 0:00
Total
Forward - 60:00
Defense - 60:00
|
% Time on Ice - Wolves
Lines # - Real PCT - Wanted PCT - Time Play
Normal Forward
1 - 38% - 40% - 17:02
2 - 24% - 30% - 10:34
3 - 20% - 20% - 8:55
4 - 18% - 10% - 7:52
Normal Defense
1 - 43% - 40% - 19:13
2 - 31% - 30% - 13:39
3 - 21% - 20% - 9:30
4 - 5% - 10% - 2:01
PP Forward
1 - 57% - 60% - 6:39
2 - 43% - 40% - 5:00
PP Defense
1 - 63% - 60% - 7:19
2 - 37% - 40% - 4:20
PK Forward
1 - 74% - 60% - 2:57
2 - 26% - 40% - 1:01
PK Defense
1 - 39% - 60% - 1:33
2 - 61% - 40% - 2:25
PK3 Forward
1 - 0% - 60%
2 - 0% - 40%
PK3 Defense
1 - 0% - 60%
2 - 0% - 40%
44 Forward
1 - 0% - 60%
2 - 0% - 40%
44 Defense
1 - 0% - 60%
2 - 0% - 40%
Last Minute Offensive - 0:00
Last Minute Defensive - 0:00
Total
Forward - 60:00
Defense - 60:00
|
Play by Play
1st period
0:01 of 1st period - Rich Peverley wins face-off versus Sam Gagner in neutral zone.
0:08 of 1st period - Snap shot by Rich Peverley.
0:08 of 1st period - Shot Blocked by Antoine Roussel.
0:26 of 1st period - Matt Gilroy is hit by Nate Prosser and loses puck.
0:39 of 1st period - Wrist shot by Brandon Dubinsky.
0:39 of 1st period - Shot Misses the Net.
1:10 of 1st period - Icing by Jakub Kindl.
1:11 of 1st period - Nathan Davis wins face-off versus Steven Zalewski in Blackdemons zone.
1:18 of 1st period - Slapshot by Marc-André Gragnani.
1:18 of 1st period - Stopped by Brent Johnson without a rebound.
1:19 of 1st period - Sam Gagner wins face-off versus Rich Peverley in Blackdemons zone.
2:10 of 1st period - Snap shot by Shawn Matthias.
2:10 of 1st period - Shot Misses the Net.
2:12 of 1st period - Slapshot by Nate Prosser.
2:12 of 1st period - Stopped by Jamie Storr without a rebound.
2:13 of 1st period - Rich Peverley wins face-off versus Sam Gagner in Wolves zone.
2:24 of 1st period - Slapshot by Antoine Roussel.
2:24 of 1st period - Shot Misses the Net.
3:11 of 1st period - Slapshot by Brandon Dubinsky.
3:11 of 1st period - Shot Misses the Net.
3:50 of 1st period - Snap shot by Alexander Perezhogin.
3:50 of 1st period - Stopped by Brent Johnson with a rebound.
4:08 of 1st period - Wrist shot by Chris Neil.
4:08 of 1st period - Shot Misses the Net.
4:10 of 1st period - Slapshot by Willie Mitchell.
4:10 of 1st period - Shot Misses the Net.
4:18 of 1st period - Snap shot by Mike Zigomanis.
4:18 of 1st period - Stopped by Brent Johnson without a rebound.
4:19 of 1st period - Rich Peverley wins face-off versus Brandon Dubinsky in Blackdemons zone.
4:26 of 1st period - Snap shot by Alexander Perezhogin.
4:26 of 1st period - Stopped by Brent Johnson without a rebound.
4:27 of 1st period - Alexander Perezhogin wins face-off versus Brandon Dubinsky in Blackdemons zone.
5:08 of 1st period - Wrist shot by Denis Hamel.
5:08 of 1st period - Deflect By Brandon Dubinsky.
5:08 of 1st period - Shot Misses the Net.
5:08 of 1st period - Puck is out of play.
5:09 of 1st period - Sam Gagner wins face-off versus Rich Peverley in Wolves zone.
5:16 of 1st period - Tomas Kopecky is hit by Rich Peverley and loses puck.
5:26 of 1st period - Icing by Antoine Roussel.
5:27 of 1st period - Mike Zigomanis wins face-off versus Sam Gagner in Blackdemons zone.
5:30 of 1st period - Slapshot by Chris Neil.
5:30 of 1st period - Shot Blocked by Nate Prosser.
5:32 of 1st period - Snap shot by Matt Gilroy.
5:32 of 1st period - Shot Blocked by Brendon Nash.
5:34 of 1st period - Slapshot by Willie Mitchell.
5:34 of 1st period - Stopped by Brent Johnson without a rebound.
5:35 of 1st period - Mike Zigomanis wins face-off versus Zach Boychuk in Blackdemons zone.
5:48 of 1st period - Snap shot by Mike Zigomanis.
5:48 of 1st period - Goal by Mike Zigomanis - Blackdemons : 0 - Wolves : 1.
5:49 of 1st period - Rich Peverley wins face-off versus Sam Gagner in neutral zone.
5:54 of 1st period - Snap shot by Alexander Perezhogin.
5:54 of 1st period - Stopped by Brent Johnson without a rebound.
5:55 of 1st period - Sam Gagner wins face-off versus Rich Peverley in Blackdemons zone.
6:08 of 1st period - Wrist shot by Rich Peverley.
6:08 of 1st period - Deflect By Brendon Nash.
6:08 of 1st period - Stopped by Brent Johnson with a rebound.
6:20 of 1st period - Brendon Nash is hit by Willie Mitchell.
6:40 of 1st period - Matt Hunwick is hit by Chris Terry and loses puck.
7:23 of 1st period - Michael Haley is hit by Rich Peverley.
7:43 of 1st period - Slapshot by Brendon Nash.
7:43 of 1st period - Stopped by Jamie Storr with a rebound.
7:45 of 1st period - Slapshot by Shawn Matthias.
7:45 of 1st period - Stopped by Jamie Storr with a rebound.
7:47 of 1st period - Snap shot by Shawn Matthias.
7:47 of 1st period - Shot Misses the Net.
7:49 of 1st period - Slapshot by Barry Tallackson.
7:49 of 1st period - Shot Blocked by Chris Neil.
7:51 of 1st period - Snap shot by Brendon Nash.
7:51 of 1st period - Stopped by Jamie Storr without a rebound.
7:52 of 1st period - Rich Peverley wins face-off versus Brandon Dubinsky in Wolves zone.
8:07 of 1st period - Snap shot by Rich Peverley.
8:07 of 1st period - Shot Blocked by Brandon Dubinsky.
8:26 of 1st period - Slapshot by Chris Neil.
8:26 of 1st period - Shot Misses the Net.
8:36 of 1st period - Shawn Matthias is hit by Milan Bartovic and loses puck.
9:03 of 1st period - Snap shot by Steven Zalewski.
9:03 of 1st period - Stopped by Jamie Storr with a rebound.
9:24 of 1st period - Minor Penalty to Matt Hunwick for Interference.
9:25 of 1st period - Tomas Kopecky wins face-off versus Rich Peverley in Blackdemons zone.
11:24 of 1st period - Penalty to Matt Hunwick is over, Matt Hunwick is back on ice.
11:37 of 1st period - Slapshot by Nate Prosser.
11:37 of 1st period - Stopped by Jamie Storr without a rebound.
11:38 of 1st period - Dan Fritsche wins face-off versus Steven Zalewski in Wolves zone.
11:38 of 1st period - Dan Fritsche is hit by Nate Prosser.
11:44 of 1st period - Backhand shot by Nate Prosser.
11:44 of 1st period - Shot Misses the Net.
11:52 of 1st period - Slapshot by Nate Prosser.
11:52 of 1st period - Stopped by Jamie Storr with a rebound.
12:06 of 1st period - Snap shot by Tomas Kopecky.
12:06 of 1st period - Stopped by Jamie Storr with a rebound.
12:49 of 1st period - Wrist shot by Enver Lisin.
12:49 of 1st period - Shot Blocked by Mark Fayne.
13:27 of 1st period - Jakub Kindl is hit by Rich Peverley and loses puck.
13:53 of 1st period - Snap shot by Milan Bartovic.
13:53 of 1st period - Stopped by Brent Johnson with a rebound.
14:09 of 1st period - Snap shot by Mike Zigomanis.
14:09 of 1st period - Stopped by Brent Johnson with a rebound.
14:21 of 1st period - Wrist shot by Steven Zalewski.
14:21 of 1st period - Stopped by Jamie Storr with a rebound.
14:23 of 1st period - Snap shot by Michael Haley.
14:23 of 1st period - Stopped by Jamie Storr without a rebound.
14:24 of 1st period - Mike Zigomanis wins face-off versus Steven Zalewski in Wolves zone.
14:35 of 1st period - Wrist shot by Chris Neil.
14:35 of 1st period - Shot Misses the Net.
14:37 of 1st period - Snap shot by Mike Zigomanis.
14:37 of 1st period - Shot Blocked by Michael Haley.
14:39 of 1st period - Wrist shot by Marc-André Gragnani.
14:39 of 1st period - Shot Misses the Net.
14:49 of 1st period - Marc-André Gragnani is hit by Tomas Kopecky and loses puck.
15:18 of 1st period - Icing by Milan Bartovic.
15:19 of 1st period - Brandon Dubinsky wins face-off versus Dan Fritsche in Wolves zone.
15:50 of 1st period - Willie Mitchell is hit by Antoine Roussel and loses puck.
15:55 of 1st period - Snap shot by Antoine Roussel.
15:55 of 1st period - Goal by Antoine Roussel - Blackdemons : 1 - Wolves : 1.
15:56 of 1st period - Rich Peverley wins face-off versus Sam Gagner in neutral zone.
18:05 of 1st period - Snap shot by Enver Lisin.
18:05 of 1st period - Stopped by Jamie Storr with a rebound.
18:35 of 1st period - Nate Guenin is hit by Tomas Kopecky and loses puck.
19:22 of 1st period - Wrist shot by Mike Zigomanis.
19:22 of 1st period - Deflect By Denis Hamel.
19:22 of 1st period - Stopped by Brent Johnson without a rebound.
19:23 of 1st period - Rich Peverley wins face-off versus Sam Gagner in Blackdemons zone.
19:45 of 1st period - Minor Penalty to Marc-André Gragnani for Interference.
19:46 of 1st period - Dan Fritsche wins face-off versus Sam Gagner in Wolves zone.
19:55 of 1st period - Snap shot by Tomas Kopecky.
19:55 of 1st period - Shot Misses the Net.
19:57 of 1st period - Slapshot by Brendon Nash.
19:57 of 1st period - Shot Blocked by Marc Methot.
19:59 of 1st period - Slapshot by Nate Prosser.
19:59 of 1st period - Stopped by Jamie Storr with a rebound.
Goals for this period are 1 for Blackdemons vs 1 for Wolves.
Shots for this period are 13 for Blackdemons vs 11 for Wolves.
2nd period
0:01 of 2nd period - Sam Gagner wins face-off versus Dan Fritsche in neutral zone.
1:13 of 2nd period - Jakub Kindl is hit by Marc Methot and loses puck.
1:30 of 2nd period - Wrist shot by Alexander Perezhogin.
1:30 of 2nd period - Stopped by Brent Johnson with a rebound.
1:36 of 2nd period - Marc Methot is hit by Antoine Roussel and loses puck.
1:45 of 2nd period - Penalty to Marc-André Gragnani is over, Marc-André Gragnani is back on ice.
2:59 of 2nd period - Michael Haley is hit by Matt Gilroy and loses puck.
3:23 of 2nd period - Off-side.
3:24 of 2nd period - Nathan Davis wins face-off versus Brandon Dubinsky in neutral zone.
3:27 of 2nd period - Brandon Dubinsky is hit by Marc Methot and loses puck.
3:48 of 2nd period - Matt Hunwick is hit by Nate Guenin.
3:52 of 2nd period - Antoine Roussel is hit by Rich Peverley and loses puck.
4:20 of 2nd period - Snap shot by Shawn Matthias.
4:20 of 2nd period - Shot Misses the Net.
4:22 of 2nd period - Slapshot by Shawn Matthias.
4:22 of 2nd period - Stopped by Jamie Storr with a rebound.
4:42 of 2nd period - Slapshot by Dan Fritsche.
4:42 of 2nd period - Stopped by Brent Johnson without a rebound.
4:43 of 2nd period - Sam Gagner wins face-off versus Rich Peverley in Blackdemons zone.
4:43 of 2nd period - Sam Gagner is hit by Hunter Tremblay.
4:51 of 2nd period - Wrist shot by Sam Gagner.
4:51 of 2nd period - Shot Misses the Net.
4:59 of 2nd period - Wrist shot by Rich Peverley.
4:59 of 2nd period - Stopped by Brent Johnson with a rebound.
5:12 of 2nd period - Icing by Nate Guenin.
5:13 of 2nd period - Mike Zigomanis wins face-off versus Brandon Dubinsky in Wolves zone.
5:37 of 2nd period - Backhand shot by Chris Neil.
5:37 of 2nd period - Stopped by Brent Johnson without a rebound.
5:38 of 2nd period - Sam Gagner wins face-off versus Rich Peverley in Blackdemons zone.
5:45 of 2nd period - Wrist shot by Antoine Roussel.
5:45 of 2nd period - Deflect By Tomas Kopecky.
5:45 of 2nd period - Stopped by Jamie Storr without a rebound.
5:46 of 2nd period - Rich Peverley wins face-off versus Sam Gagner in Wolves zone.
6:01 of 2nd period - Snap shot by Alexander Perezhogin.
6:01 of 2nd period - Deflect By Hunter Tremblay.
6:01 of 2nd period - Stopped by Brent Johnson without a rebound.
6:02 of 2nd period - Mike Zigomanis wins face-off versus Shawn Matthias in Blackdemons zone.
6:18 of 2nd period - Snap shot by Brendon Nash.
6:18 of 2nd period - Shot Misses the Net.
6:44 of 2nd period - Antoine Roussel is hit by Matt Gilroy and loses puck.
6:51 of 2nd period - Minor Penalty to Sam Gagner for Slashing.
6:52 of 2nd period - Tomas Kopecky wins face-off versus Rich Peverley in Blackdemons zone.
6:59 of 2nd period - Wrist shot by Barry Tallackson.
6:59 of 2nd period - Deflect By Tomas Kopecky.
6:59 of 2nd period - Shot Misses the Net.
6:59 of 2nd period - Puck is out of play.
7:00 of 2nd period - Rich Peverley wins face-off versus Barry Tallackson in Wolves zone.
7:35 of 2nd period - Wrist shot by Chris Neil.
7:35 of 2nd period - Deflect By Geoff Paukovich.
7:35 of 2nd period - Shot Blocked by Nate Prosser.
7:35 of 2nd period - Puck is out of play.
7:36 of 2nd period - Mike Zigomanis wins face-off versus Enver Lisin in Blackdemons zone.
7:58 of 2nd period - Tomas Kopecky is hit by Mike Zigomanis and loses puck.
8:07 of 2nd period - Slapshot by Chris Neil.
8:07 of 2nd period - Shot Misses the Net.
8:09 of 2nd period - Snap shot by Chris Neil.
8:09 of 2nd period - Stopped by Brent Johnson without a rebound.
8:10 of 2nd period - Tomas Kopecky wins face-off versus Rich Peverley in Blackdemons zone.
8:10 of 2nd period - Tomas Kopecky is hit by Matt Gilroy.
8:51 of 2nd period - Penalty to Sam Gagner is over, Sam Gagner is back on ice.
8:59 of 2nd period - Slapshot by Matt Hunwick.
8:59 of 2nd period - Deflect By Matt Calvert.
8:59 of 2nd period - Shot Misses the Net.
8:59 of 2nd period - Puck is out of play.
9:00 of 2nd period - Milan Bartovic wins face-off versus Steven Zalewski in Wolves zone.
9:05 of 2nd period - Snap shot by Dan Fritsche.
9:05 of 2nd period - Shot Blocked by Andrew MacDonald.
9:07 of 2nd period - Slapshot by Matt Gilroy.
9:07 of 2nd period - Shot Blocked by Steven Zalewski.
9:09 of 2nd period - Wrist shot by Milan Bartovic.
9:09 of 2nd period - Deflect By Chris Terry.
9:09 of 2nd period - Stopped by Brent Johnson with a rebound.
9:11 of 2nd period - Snap shot by Chris Terry.
9:11 of 2nd period - Stopped by Brent Johnson without a rebound.
9:12 of 2nd period - Rich Peverley wins face-off versus Brandon Dubinsky in Blackdemons zone.
9:13 of 2nd period - Wrist shot by Alexander Perezhogin.
9:13 of 2nd period - Shot Hit the Post.
9:27 of 2nd period - Rich Peverley is hit by Matt Hunwick and loses puck.
9:42 of 2nd period - Wrist shot by Tomas Kopecky.
9:42 of 2nd period - Stopped by Jamie Storr with a rebound.
10:02 of 2nd period - Slapshot by Nate Prosser.
10:02 of 2nd period - Stopped by Jamie Storr with a rebound.
10:04 of 2nd period - Snap shot by Steven Zalewski.
10:04 of 2nd period - Deflect By Nate Guenin.
10:04 of 2nd period - Stopped by Jamie Storr with a rebound.
10:06 of 2nd period - Snap shot by Steven Zalewski.
10:06 of 2nd period - Shot Misses the Net.
10:28 of 2nd period - Slapshot by Brandon Dubinsky.
10:28 of 2nd period - Stopped by Jamie Storr without a rebound.
10:29 of 2nd period - Rich Peverley wins face-off versus Brandon Dubinsky in Wolves zone.
11:29 of 2nd period - Minor Penalty to Andrew MacDonald for Interference.
11:30 of 2nd period - Rich Peverley wins face-off versus Tomas Kopecky in Blackdemons zone.
11:35 of 2nd period - Snap shot by Rich Peverley.
11:35 of 2nd period - Stopped by Brent Johnson without a rebound.
11:36 of 2nd period - Rich Peverley wins face-off versus Tomas Kopecky in Blackdemons zone.
11:39 of 2nd period - Snap shot by Rich Peverley.
11:39 of 2nd period - Stopped by Brent Johnson without a rebound.
11:40 of 2nd period - Tomas Kopecky wins face-off versus Rich Peverley in Blackdemons zone.
12:46 of 2nd period - Snap shot by Alexander Perezhogin.
12:46 of 2nd period - Stopped by Brent Johnson with a rebound.
12:48 of 2nd period - Slapshot by Matt Gilroy.
12:48 of 2nd period - Stopped by Brent Johnson with a rebound.
12:50 of 2nd period - Wrist shot by Rich Peverley.
12:50 of 2nd period - Stopped by Brent Johnson with a rebound.
12:52 of 2nd period - Wrist shot by Alexander Perezhogin.
12:52 of 2nd period - Shot Blocked by Jakub Kindl.
13:10 of 2nd period - Wrist shot by Rich Peverley.
13:10 of 2nd period - Deflect By Alexander Perezhogin.
13:10 of 2nd period - Shot Blocked by Matt Hunwick.
13:10 of 2nd period - Puck is out of play.
13:11 of 2nd period - Enver Lisin wins face-off versus Mike Zigomanis in Blackdemons zone.
13:13 of 2nd period - Minor Penalty to Enver Lisin for Boarding.
13:14 of 2nd period - Brandon Dubinsky wins face-off versus Mike Zigomanis in Blackdemons zone.
13:18 of 2nd period - Slapshot by Chris Neil.
13:18 of 2nd period - Shot Blocked by Nate Prosser.
13:26 of 2nd period - Slapshot by Chris Neil.
13:26 of 2nd period - Shot Misses the Net.
13:28 of 2nd period - Snap shot by Chris Neil.
13:28 of 2nd period - Stopped by Brent Johnson without a rebound.
13:29 of 2nd period - Penalty to Andrew MacDonald is over, Andrew MacDonald is back on ice.
13:29 of 2nd period - Brandon Dubinsky wins face-off versus Mike Zigomanis in Blackdemons zone.
14:38 of 2nd period - Marc-André Gragnani is hit by Jakub Kindl and loses puck.
15:13 of 2nd period - Penalty to Enver Lisin is over, Enver Lisin is back on ice.
15:31 of 2nd period - Wrist shot by Steven Zalewski.
15:31 of 2nd period - Deflect By Matt Calvert.
15:31 of 2nd period - Shot Blocked by Dan Fritsche.
15:31 of 2nd period - Puck is out of play.
15:32 of 2nd period - Shawn Matthias wins face-off versus Nathan Davis in Wolves zone.
15:36 of 2nd period - Minor Penalty to Nathan Davis for High sticking.
15:37 of 2nd period - Sam Gagner wins face-off versus Dan Fritsche in Wolves zone.
15:46 of 2nd period - Snap shot by Antoine Roussel.
15:46 of 2nd period - Shot Misses the Net.
15:48 of 2nd period - Snap shot by Antoine Roussel.
15:48 of 2nd period - Shot Blocked by Dan Fritsche.
15:50 of 2nd period - Slapshot by Brendon Nash.
15:50 of 2nd period - Stopped by Jamie Storr without a rebound.
15:51 of 2nd period - Sam Gagner wins face-off versus Dan Fritsche in Wolves zone.
15:56 of 2nd period - Wrist shot by Antoine Roussel.
15:56 of 2nd period - Shot Hit the Post.
16:04 of 2nd period - Snap shot by Antoine Roussel.
16:04 of 2nd period - Stopped by Jamie Storr with a rebound.
16:06 of 2nd period - Slapshot by Brendon Nash.
16:06 of 2nd period - Stopped by Jamie Storr with a rebound.
17:04 of 2nd period - Nate Prosser is hit by Alexander Perezhogin and loses puck.
17:31 of 2nd period - Mark Fayne is hit by Sam Gagner.
17:36 of 2nd period - Penalty to Nathan Davis is over, Nathan Davis is back on ice.
18:00 of 2nd period - Off-side.
18:01 of 2nd period - Shawn Matthias wins face-off versus Nathan Davis in neutral zone.
18:04 of 2nd period - Snap shot by Barry Tallackson.
18:04 of 2nd period - Stopped by Jamie Storr with a rebound.
18:06 of 2nd period - Slapshot by Shawn Belle.
18:06 of 2nd period - Shot Misses the Net.
18:10 of 2nd period - Wrist shot by Barry Tallackson.
18:10 of 2nd period - Shot Blocked by Matt Gilroy.
18:12 of 2nd period - Slapshot by Andrew MacDonald.
18:12 of 2nd period - Shot Misses the Net.
18:14 of 2nd period - Slapshot by Shawn Matthias.
18:14 of 2nd period - Stopped by Jamie Storr without a rebound.
18:15 of 2nd period - Denis Hamel wins face-off versus Rich Peverley in Wolves zone.
18:26 of 2nd period - Backhand shot by Alexander Perezhogin.
18:26 of 2nd period - Stopped by Brent Johnson without a rebound.
18:27 of 2nd period - Rich Peverley wins face-off versus Brandon Dubinsky in Blackdemons zone.
18:35 of 2nd period - Nate Guenin is hit by Nate Prosser.
18:40 of 2nd period - Slapshot by Marc Methot.
18:40 of 2nd period - Shot Misses the Net.
18:48 of 2nd period - Alexander Perezhogin is hit by Matt Hunwick and loses puck.
19:01 of 2nd period - Snap shot by Brandon Dubinsky.
19:01 of 2nd period - Stopped by Jamie Storr with a rebound.
19:13 of 2nd period - Snap shot by Enver Lisin.
19:13 of 2nd period - Shot Misses the Net.
19:27 of 2nd period - Snap shot by Alexander Perezhogin.
19:27 of 2nd period - Shot Misses the Net.
19:29 of 2nd period - Slapshot by Nate Guenin.
19:29 of 2nd period - Stopped by Brent Johnson with a rebound.
Goals for this period are 0 for Blackdemons vs 0 for Wolves.
Shots for this period are 12 for Blackdemons vs 16 for Wolves.
3rd period
0:01 of 3rd period - Rich Peverley wins face-off versus Sam Gagner in neutral zone.
0:09 of 3rd period - Off-side.
0:10 of 3rd period - Sam Gagner wins face-off versus Rich Peverley in neutral zone.
0:18 of 3rd period - Backhand shot by Alexander Perezhogin.
0:18 of 3rd period - Deflect By Rich Peverley.
0:18 of 3rd period - Shot Misses the Net.
0:18 of 3rd period - Puck is out of play.
0:19 of 3rd period - Mike Zigomanis wins face-off versus Tomas Kopecky in Blackdemons zone.
0:46 of 3rd period - Hunter Tremblay is hit by Brendon Nash and loses puck.
0:55 of 3rd period - Wrist shot by Rich Peverley.
0:55 of 3rd period - Shot Misses the Net.
1:09 of 3rd period - Snap shot by Enver Lisin.
1:09 of 3rd period - Goal by Enver Lisin - Blackdemons : 2 - Wolves : 1.
1:10 of 3rd period - Sam Gagner wins face-off versus Mike Zigomanis in neutral zone.
2:01 of 3rd period - Brendon Nash is hit by Nathan Davis.
2:07 of 3rd period - Snap shot by Brandon Dubinsky.
2:07 of 3rd period - Shot Misses the Net.
2:24 of 3rd period - Off-side.
2:25 of 3rd period - Rich Peverley wins face-off versus Sam Gagner in neutral zone.
2:42 of 3rd period - Icing by Matt Gilroy.
2:43 of 3rd period - Rich Peverley wins face-off versus Shawn Matthias in Wolves zone.
2:50 of 3rd period - Willie Mitchell is hit by Barry Tallackson and loses puck.
3:09 of 3rd period - Wrist shot by Rich Peverley.
3:09 of 3rd period - Shot Misses the Net.
3:11 of 3rd period - Slapshot by Willie Mitchell.
3:11 of 3rd period - Shot Misses the Net.
3:13 of 3rd period - Backhand shot by Matt Gilroy.
3:13 of 3rd period - Stopped by Brent Johnson with a rebound.
3:15 of 3rd period - Slapshot by Hunter Tremblay.
3:15 of 3rd period - Shot Misses the Net.
3:17 of 3rd period - Snap shot by Alexander Perezhogin.
3:17 of 3rd period - Shot Blocked by Zach Boychuk.
3:19 of 3rd period - Snap shot by Alexander Perezhogin.
3:19 of 3rd period - Shot Blocked by Matt Hunwick.
3:21 of 3rd period - Wrist shot by Alexander Perezhogin.
3:21 of 3rd period - Goal by Alexander Perezhogin - Blackdemons : 2 - Wolves : 2.
3:22 of 3rd period - Sam Gagner wins face-off versus Mike Zigomanis in neutral zone.
4:28 of 3rd period - Wrist shot by Barry Tallackson.
4:28 of 3rd period - Shot Hit the Post.
4:33 of 3rd period - Icing by Marc Methot.
4:34 of 3rd period - Nathan Davis wins face-off versus Steven Zalewski in Wolves zone.
4:49 of 3rd period - Slapshot by Nathan Davis.
4:49 of 3rd period - Deflect By Tim Crowder.
4:49 of 3rd period - Shot Blocked by Jakub Kindl.
4:49 of 3rd period - Puck is out of play.
4:50 of 3rd period - Mike Zigomanis wins face-off versus Sam Gagner in Blackdemons zone.
4:53 of 3rd period - Wrist shot by Chris Neil.
4:53 of 3rd period - Shot Misses the Net.
4:55 of 3rd period - Minor Penalty to Antoine Roussel for High sticking.
4:56 of 3rd period - Rich Peverley wins face-off versus Tomas Kopecky in Blackdemons zone.
5:20 of 3rd period - Matt Hunwick is hit by Matt Gilroy and loses puck.
5:25 of 3rd period - Wrist shot by Rich Peverley.
5:25 of 3rd period - Shot Blocked by Matt Hunwick.
5:27 of 3rd period - Backhand shot by Nate Guenin.
5:27 of 3rd period - Deflect By Rich Peverley.
5:27 of 3rd period - Shot Blocked by Jakub Kindl.
5:27 of 3rd period - Puck is out of play.
5:28 of 3rd period - Mike Zigomanis wins face-off versus Tomas Kopecky in Blackdemons zone.
5:29 of 3rd period - Backhand shot by Chris Neil.
5:29 of 3rd period - Stopped by Brent Johnson with a rebound.
6:55 of 3rd period - Penalty to Antoine Roussel is over, Antoine Roussel is back on ice.
7:05 of 3rd period - Slapshot by Brandon Dubinsky.
7:05 of 3rd period - Goal by Brandon Dubinsky - Blackdemons : 3 - Wolves : 2.
7:06 of 3rd period - Hunter Tremblay wins face-off versus Sam Gagner in neutral zone.
8:41 of 3rd period - Snap shot by Shawn Matthias.
8:41 of 3rd period - Stopped by Jamie Storr without a rebound.
8:42 of 3rd period - Rich Peverley wins face-off versus Brandon Dubinsky in Wolves zone.
8:51 of 3rd period - Wrist shot by Alexander Perezhogin.
8:51 of 3rd period - Shot Misses the Net.
8:53 of 3rd period - Slapshot by Willie Mitchell.
8:53 of 3rd period - Shot Blocked by Enver Lisin.
8:55 of 3rd period - Slapshot by Hunter Tremblay.
8:55 of 3rd period - Stopped by Brent Johnson without a rebound.
8:56 of 3rd period - Rich Peverley wins face-off versus Sam Gagner in Blackdemons zone.
9:03 of 3rd period - Snap shot by Antoine Roussel.
9:03 of 3rd period - Shot Blocked by Willie Mitchell.
9:07 of 3rd period - Snap shot by Sam Gagner.
9:07 of 3rd period - Stopped by Jamie Storr with a rebound.
9:09 of 3rd period - Slapshot by Nate Prosser.
9:09 of 3rd period - Stopped by Jamie Storr without a rebound.
9:10 of 3rd period - Brandon Dubinsky wins face-off versus Mike Zigomanis in Wolves zone.
9:21 of 3rd period - Snap shot by Enver Lisin.
9:21 of 3rd period - Shot Misses the Net.
9:23 of 3rd period - Wrist shot by Enver Lisin.
9:23 of 3rd period - Stopped by Jamie Storr with a rebound.
9:35 of 3rd period - Antoine Roussel is hit by Matt Gilroy and loses puck.
9:44 of 3rd period - Snap shot by Alexander Perezhogin.
9:44 of 3rd period - Stopped by Brent Johnson without a rebound.
9:45 of 3rd period - Shawn Matthias wins face-off versus Mike Zigomanis in Blackdemons zone.
10:45 of 3rd period - Wrist shot by Nathan Davis.
10:45 of 3rd period - Shot Misses the Net.
10:47 of 3rd period - Backhand shot by Marc Methot.
10:47 of 3rd period - Deflect By Tomas Kopecky.
10:47 of 3rd period - Stopped by Brent Johnson without a rebound.
10:48 of 3rd period - Mike Zigomanis wins face-off versus Brandon Dubinsky in Blackdemons zone.
10:51 of 3rd period - Wrist shot by Chris Neil.
10:51 of 3rd period - Deflect By Geoff Paukovich.
10:51 of 3rd period - Shot Blocked by Andrew MacDonald.
10:51 of 3rd period - Puck is out of play.
10:52 of 3rd period - Mike Zigomanis wins face-off versus Brandon Dubinsky in Blackdemons zone.
11:27 of 3rd period - Slapshot by Andrew MacDonald.
11:27 of 3rd period - Shot Misses the Net.
11:39 of 3rd period - Slapshot by Dan Fritsche.
11:39 of 3rd period - Shot Misses the Net.
11:41 of 3rd period - Slapshot by Willie Mitchell.
11:41 of 3rd period - Deflect By Antoine Roussel.
11:41 of 3rd period - Stopped by Brent Johnson without a rebound.
11:41 of 3rd period - Minor Penalty to Brent Johnson for Slashing.
11:42 of 3rd period - Rich Peverley wins face-off versus Tomas Kopecky in Blackdemons zone.
11:47 of 3rd period - Wrist shot by Rich Peverley.
11:47 of 3rd period - Shot Misses the Net.
11:57 of 3rd period - Wrist shot by Tomas Kopecky.
11:57 of 3rd period - Stopped by Jamie Storr with a rebound.
13:41 of 3rd period - Penalty to Sam Gagner is over, Sam Gagner is back on ice.
14:23 of 3rd period - Slapshot by Matt Hunwick.
14:23 of 3rd period - Shot Misses the Net.
14:35 of 3rd period - Wrist shot by Barry Tallackson.
14:35 of 3rd period - Goal by Barry Tallackson - Blackdemons : 4 - Wolves : 2.
14:36 of 3rd period - Rich Peverley wins face-off versus Sam Gagner in neutral zone.
14:59 of 3rd period - Icing by Rich Peverley.
15:00 of 3rd period - Dan Fritsche wins face-off versus Brandon Dubinsky in Wolves zone.
15:25 of 3rd period - Willie Mitchell is hit by Barry Tallackson and loses puck.
15:35 of 3rd period - Wrist shot by Barry Tallackson.
15:35 of 3rd period - Shot Misses the Net.
15:48 of 3rd period - Icing by Brendon Nash.
15:49 of 3rd period - Mike Zigomanis wins face-off versus Sam Gagner in Blackdemons zone.
16:16 of 3rd period - Snap shot by Alexander Perezhogin.
16:16 of 3rd period - Stopped by Brent Johnson with a rebound.
16:20 of 3rd period - Snap shot by Rich Peverley.
16:20 of 3rd period - Stopped by Brent Johnson with a rebound.
16:22 of 3rd period - Snap shot by Hunter Tremblay.
16:22 of 3rd period - Stopped by Brent Johnson with a rebound.
16:24 of 3rd period - Snap shot by Marc-André Gragnani.
16:24 of 3rd period - Shot Blocked by Brendon Nash.
16:26 of 3rd period - Slapshot by Mark Fayne.
16:26 of 3rd period - Stopped by Brent Johnson with a rebound.
16:38 of 3rd period - Icing by Tomas Kopecky.
16:39 of 3rd period - Sam Gagner wins face-off versus Nathan Davis in Blackdemons zone.
17:14 of 3rd period - Snap shot by Tim Crowder.
17:14 of 3rd period - Stopped by Brent Johnson with a rebound.
17:24 of 3rd period - Wrist shot by Tim Crowder.
17:24 of 3rd period - Shot Blocked by Shawn Belle.
17:32 of 3rd period - Sam Gagner is hit by Matt Gilroy and loses puck.
17:48 of 3rd period - Wrist shot by Nathan Davis.
17:48 of 3rd period - Stopped by Brent Johnson with a rebound.
17:50 of 3rd period - Snap shot by Willie Mitchell.
17:50 of 3rd period - Shot Blocked by Tomas Kopecky.
17:52 of 3rd period - Wrist shot by Willie Mitchell.
17:52 of 3rd period - Deflect By Shawn Belle.
17:52 of 3rd period - Stopped by Brent Johnson with a rebound.
17:54 of 3rd period - Snap shot by Matt Gilroy.
17:54 of 3rd period - Stopped by Brent Johnson with a rebound.
18:12 of 3rd period - Slapshot by Willie Mitchell.
18:12 of 3rd period - Deflect By Nathan Davis.
18:12 of 3rd period - Stopped by Brent Johnson with a rebound.
18:34 of 3rd period - Slapshot by Matt Gilroy.
18:34 of 3rd period - Shot Blocked by Shawn Belle.
18:36 of 3rd period - Wrist shot by Tim Crowder.
18:36 of 3rd period - Stopped by Brent Johnson without a rebound.
18:37 of 3rd period - Dan Fritsche wins face-off versus Shawn Matthias in Blackdemons zone.
18:40 of 3rd period - Wrist shot by Dan Fritsche.
18:40 of 3rd period - Shot Misses the Net.
19:02 of 3rd period - Brendon Nash is hit by Hunter Tremblay and loses puck.
19:39 of 3rd period - Mark Fayne is hit by Nate Prosser and loses puck.
Goals for this period are 3 for Blackdemons vs 1 for Wolves.
Shots for this period are 8 for Blackdemons vs 17 for Wolves.
Output by the SimonT Hockey Simulator (STHS) for François Prévost -- Original Page W3C XHTML 1.0 Valid